 Dungeon Crawl Stone Soup version 0.28-a0-872-g80cf8599ee (webtiles) character file.

Game seed: 15674833112662566094

1577 Crownlay the Thaumaturge (level 8, -2/41 HPs)
             Began as a Gargoyle Earth Elementalist on Nov 20, 2021.
             Was a Follower of Vehumet.
             Slain by Joseph (18 damage)
             ... on level 7 of the Dungeon.
             The game lasted 00:07:02 (5534 turns).

Crownlay the Thaumaturge (GrEE)                     Turns: 5534, Time: 00:07:03

Health: -2/41      AC: 10    Str: 12    XL:     8   Next: 91%
Magic:  0/20       EV: 11    Int: 24    God:    Vehumet [*.....]
Gold:   287        SH:  0    Dex: 10    Spells: 19/23 levels left

rFire   . . .      SeeInvis +   u - +6 quarterstaff "Wuari" {vorpal, rN+ rCorr}
rCold   . . .      Faith    .   (shield currently unavailable)
rNeg    + + .      Spirit   .   b - +0 robe
rPois   ∞          Reflect  .   (no helmet)
rElec   +          Harm     .   x - +1 cloak
rCorr   +          Rampage  .   (no gloves)
Will    .....                   y - +0 pair of boots
Stlth   ++........              (no amulet)
HPRegen 0.13/turn               g - +6 ring of intelligence
MPRegen 0.17/turn               z - ring of see invisible

@: no status effects
A: sickness immunity, AC +5, negative energy resistance 1, electricity
resistance, torment resistance 1, petrification resistance
a: Renounce Religion


You were on level 7 of the Dungeon.
You worshipped Vehumet.
Vehumet was aware of your devotion.
You visited 1 branch of the dungeon, and saw 7 of its levels.

You collected 287 gold pieces.

Inventory:

Hand Weapons
 u - the +6 quarterstaff "Wuari" (weapon) {vorpal, rN+ rCorr}
   (You found it on level 5 of the Dungeon)

   It inflicts extra damage upon your enemies.
   rN:        It protects you from negative energy.
   rCorr:     It protects you from acid and corrosion.
Missiles
 c - 99 stones
Armour
 b - a +0 robe (worn)
 x - a +1 cloak (worn)
 y - a +0 pair of boots (worn)
Jewellery
 g - a +6 ring of intelligence (left hand)
 k - an amulet of faith
 l - a ring of ice
 z - a ring of see invisible (right hand)
Wands
 r - a wand of digging (4)
Scrolls
 a - 2 scrolls of teleportation
 d - a scroll of brand weapon {unknown}
 e - a scroll of immolation {unknown}
 f - a scroll of blinking {unknown}
 h - a scroll of amnesia {unknown}
 i - a scroll of identify
 m - a scroll of fear {unknown}
 n - a scroll of vulnerability {unknown}
 p - a scroll of noise {unknown}
 q - a scroll of acquirement {unknown}
 v - a scroll of fog {unknown}
 w - 2 scrolls of enchant armour
Potions
 j - a potion of curing {unknown}
 o - 3 potions of flight
 s - a potion of ambrosia {unknown}
 t - a potion of might {unknown}


   Skills:
 - Level 1.5 Dodging
 - Level 2.1 Stealth
 * Level 8.4 Spellcasting
 - Level 0.7 Transmutations
 + Level 8.3 Earth Magic


You had 19 spell levels left.
You knew the following spells:

 Your Spells              Type           Power      Damage    Failure   Level
a - Sandblast             Erth           100%       2d20      1%          1
b - Stone Arrow           Conj/Erth      60%        3d10      3%          3

Your spell library contained the following spells:

 Spells                   Type           Power      Damage    Failure   Level
 Freeze                   Ice            40%        1d6       6%          1
 Passwall                 Tmut/Erth      25%        N/A       1%          2
 Magic Dart               Conj           40%        1d5       6%          1
 Ensorcelled Hibernation  Hex/Ice        20%        N/A       10%         2
 Searing Ray              Conj           20%        2d5       10%         2
 Petrify                  Tmut/Erth      31%        N/A       10%         4
 Spider Form              Tmut/Pois      11%        N/A       16%         3
 Fulminant Prism          Conj/Hex       5%         3d7       52%         4


Dungeon Overview and Level Annotations

Branches:
Dungeon (7/15)             Temple (0/1) D:6

Altars:
Vehumet

Shops:
D:5 (

Annotations:
D:7 Joseph


Innate Abilities, Weirdness & Mutations

You are immune to sickness and miasma.
Your stone body is resilient. (AC +5)
You are immune to poison.
You resist negative energy. (rN+)
You are resistant to electric shocks. (rElec)
You are resistant to unholy torment.
You are immune to petrification.


Message History

The blast of sand hits the water moccasin!!
The water moccasin is almost dead.
The blast of sand hits the water moccasin!
You kill the water moccasin!
Vehumet accepts your kill.
Joseph, a Mercenary comes into view.
He is wielding a +0 quarterstaff.
Joseph shouts!
Joseph unwields a +0 quarterstaff.
Joseph wields a +0 hunting sling.
Joseph shoots a sling bullet.
The sling bullet hits you!
The stone arrow misses Joseph.
The stone arrow hits Joseph!!
Joseph is moderately wounded.
The stone arrow hits Joseph!!
Joseph is heavily wounded.
Joseph shoots a sling bullet.
The sling bullet closely misses you.
The stone arrow misses Joseph.
Joseph shoots a sling bullet.
The sling bullet misses you.
The stone arrow misses Joseph.
The stone arrow hits Joseph!
Joseph is severely wounded.
Joseph shoots a sling bullet.
The sling bullet hits you!
Press: ? - help, v - describe, . - travel
Here: Joseph, wielding a +0 hunting sling, wearing a +0 ring mail and quivering sling bullets (severely wounded)
The floor.
The blast of sand hits Joseph but does no damage.
Joseph is severely wounded.
The blast of sand hits Joseph!
Joseph is severely wounded.
Joseph unwields a +0 hunting sling.
Joseph wields a +0 quarterstaff.
Joseph hits you with a +0 quarterstaff!
You are too injured to fight recklessly!
Casting: Sandblast (safe; 1% risk of failure)
Confirm with . or Enter, or press ? or * to list all spells.
Aiming: Sandblast (safe; 1% risk of failure)
Press: ? - help, Shift-Dir - straight line, f/p - Joseph
Aim: Joseph, wielding a +0 quarterstaff, wearing a +0 ring mail and quivering sling bullets (severely wounded, 86% to hit)
The blast of sand hits Joseph!
Joseph is almost dead.
Joseph hits you with a +0 quarterstaff!!
You die...

#.......
###############.......
#.....................
#.....................
#.....................
#.....................
#.....................
#......########.......
#...@@.# #.......
#......+ #.......
#......# #.......
######## #.......
#...(..> #.......
#....... ........
......<.


You could see Joseph.

Vanquished Creatures
  Eustachio (D:4)
  2 water moccasins (D:7)
  A necrophage (D:7)
  A centaur (D:6)
  An ogre (D:6)
  A phantom (D:5)
  A bullfrog (D:7)
  A scorpion (D:6)
  5 killer bees (D:7)
  A howler monkey (D:5)
  A bullfrog zombie (D:6)
  2 centaur zombies (D:5)
  2 centaur skeletons (D:6)
  2 jellies (D:6)
  An orc priest (D:6)
  Crazy Yiuf (D:6)
  A hound (D:4)
  An iguana (D:4)
  An orc wizard (D:6)
  2 hound zombies (D:5)
  A howler monkey zombie (D:5)
  A gnoll (D:1)
  3 adders
  A white imp (D:5)
  An ufetubus (D:6)
  A worm (D:3)
  A dart slug (D:3)
  12 orcs
  5 ball pythons
  3 bats
  6 endoplasms
  7 giant cockroaches
  3 goblins
  5 hobgoblins
  4 quokkas
  5 frilled lizards
  4 kobolds
  4 rats
96 creatures vanquished.

Notes
Turn   | Place    | Note
-------+----------+-------------------------------------------
     0 | D:1      | Crownlay the Gargoyle Earth Elementalist began the quest
                  | for the Orb.
     0 | D:1      | Reached XP level 1. HP: 10/10 MP: 3/3
    48 | D:1      | Reached XP level 2. HP: 15/15 MP: 0/5
   409 | D:1      | Reached XP level 3. HP: 17/19 MP: 7/7
  1726 | D:3      | Reached XP level 4. HP: 20/24 MP: 9/9
  2020 | D:3      | Learned a level 3 spell: Stone Arrow
  2040 | D:3      | Found a radiant altar of Vehumet.
  2086 | D:3      | Became a worshipper of Vehumet
  2714 | D:4      | Noticed Eustachio
  2731 | D:4      | Killed Eustachio
  2732 | D:4      | Reached skill level 5 in Earth Magic
  2732 | D:4      | Reached XP level 5. HP: 23/28 MP: 0/12
  2852 | D:4      | Reached XP level 6. HP: 32/32 MP: 11/13
  3028 | D:4      | Reached skill level 5 in Spellcasting
  3058 | D:4      | Identified the +7 rapier of the Lesser Evil {distort,
                  | Dex+4}
  3209 | D:5      | Entered Level 5 of the Dungeon
  3209 | D:5      | Found Gaez's Antique Weapon Shoppe.
  3211 | D:5      | Identified the +6 quarterstaff "Wuari" {vorpal, rN+ rCorr}
  3408 | D:5      | Reached * piety under Vehumet
  3408 | D:5      | Offered knowledge of Freeze by Vehumet.
  3488 | D:5      | Identified the +6 leather armour of the Louse {Str+5}
  3513 | D:5      | Reached XP level 7. HP: 36/36 MP: 12/15
  4530 | D:6      | Reached XP level 8. HP: 41/41 MP: 14/18
  4842 | D:6      | Found a staircase to the Ecumenical Temple.
  5106 | D:6      | Found a runed translucent door.
  5107 | D:6      | Noticed Crazy Yiuf
  5115 | D:6      | Killed Crazy Yiuf
  5522 | D:7      | Noticed Joseph
  5534 | D:7      | Slain by Joseph

Illustrated notes

Levels and vault maps discovered:
D:1:      psy_arrival_wood_between_worlds, layout_basic
D:2:      layout_basic
D:3:      layout_basic, lemuel_doored_altar, minmay_strange_pillars,
          kennysheep_cross_room, chequers_decorated_corner,
          kennysheep_generic_room_7
D:4:      layout_basic, serial_bayou_pond_a, uniq_eustachio
D:5:      layout_loops_corners, serial_shops, nicolae_stop_n_shop_1
D:6:      layout_cave_pods, temple_fountains, lightli_corner_chamber,
          uniq_crazy_yiuf_cottage
D:7:      layout_gridville, serial_shops, shop, uniq_joseph

Skill      XL: |  1  2  3  4  5  6  7  8 |
---------------+-------------------------+-----
Earth Magic    | 4 5 6 7 8 |  8.3
Spellcasting   | 3 4 5 6 8 |  8.4
Dodging        | |  1.5
Stealth        | |  2.1
Transmutations | |  0.7

Action                   |  1- 3 |  4- 6 |  7- 9 || total
-------------------------+-------+-------+-------++-------
Melee: Flail             |    32 |       |       ||    32
       Whip              |    40 |    53 |       ||    93
 Cast: Sandblast         |     8 |    36 |    63 ||   107
       Stone Arrow       |       |       |     9 ||     9
  Use: Scroll            |       |     1 |     2 ||     3
 Stab: Sleeping          |     3 |     2 |       ||     5
Armor: Robe              |    28 |    33 |    13 ||    74
Dodge: Dodged            |    37 |    37 |    25 ||    99

Table legend: (Time is in decaauts)
 A = Elapsed time spent in this place.
 B = Non-inter-level travel time spent in this place.
 C = Inter-level travel time spent in this place.
 D = Time resting spent in this place.
 E = Time spent auto-exploring this place.
 F = Levels seen in this place.
 G = Mean time per level.
                   A        B        C        D        E       F      G
               +--------+--------+--------+--------+--------+-----+--------+
         Total |   5552 |   5418 |    134 |      0 |   4711 |   7 |  793.1 |
       Dungeon |   5552 |   5418 |    134 |      0 |   4711 |   7 |  793.1 |
               +--------+--------+--------+--------+--------+-----+--------+

Top non-repeatable levels by time:
     D:6: 1135 daAuts
     D:2: 1011 daAuts
     D:3: 953 daAuts
     D:5: 897 daAuts
     D:1: 720 daAuts
     D:4: 543 daAuts
     D:7: 290 daAuts
